 Dungeon Sprint DCSS version 0.31.0-9-g3a7656b989 (webtiles) character file.

Game seed: 13682413571487447564

200 Heoruswealwe the Spear-Bearer (level 5, -13/53 HPs)
             Began as a Minotaur Fighter on Jan 26, 2024.
             Was an Initiate of Gozag.
             Mangled by a yak (14 damage)
             ... in the Dungeon (Sprint IX: "|||||||||||||||||||||||||||||").
             The game lasted 00:01:02 (99 turns).

Heoruswealwe the Spear-Bearer (Minotaur Fighter)      Turns: 99, Time: 00:01:04

Health: -13/53     AC:  8    Str: 22    XL:     5   Next: 48%
Magic:  4/4        EV:  9    Int:  5    God:    Gozag
Gold:   0          SH:  4    Dex: 10    Spells: 4/4 levels left

rFire   . . .        a - +0 trident
rCold   . . .        d - +0 buckler
rNeg    . . .        c - +0 scale mail
rPois   .            (helmet restricted)
rElec   .            (no cloak)
rCorr   .            (no gloves)
SInv    .            (no boots)
Will    .....        (no amulet) Stlth
                     (no ring)
HPRegen 0.28/turn    (no ring)
MPRegen 0.09/turn

%: no teleportation
@: gold aura
A: horns 2, retaliatory headbutt
a: Renounce Religion, Potion Petition, Call Merchant, Bribe Branch


You were in the Dungeon.
You worshipped Gozag.
Gozag was noncommittal.
You visited 1 branch

Inventory:

Hand Weapons
 a - a +0 trident (weapon)
Armour
 c - a +0 scale mail (worn)
 d - a +0 buckler (worn)
Jewellery
 k - a +2 ring of evasion
 l - a +3 ring of dexterity
Wands
 h - a wand of acid (10)
Scrolls
 j - 2 scrolls of blinking
Potions
 b - a potion of might
 e - 4 potions of curing
 f - 3 potions of heal wounds
 g - a potion of haste
 i - a potion of berserk rage


   Skills:
 + Level 7.8 Fighting
 * Level 10.0 Polearms
 + Level 7.7 Armour
 - Level 3.6 Shields


You had 4 spell levels left.
You didn't know any spells.
Your spell library was empty.

Dungeon Overview and Level Annotations

Branches:
Dungeon (1/1)

Altars:
Cheibriados
Dithmenos
Elyvilon
Fedhas
Gozag
Hepliaklqana
Kikubaaqudgha
Makhleb
Nemelex Xobeh
Okawaru
Qazlal
Ru
Sif Muna
Trog
Uskayaw
Vehumet
Wu Jian
Xom
Yredelemnul
Zin
The Shining One
Jiyva
Lugonu


Innate Abilities, Weirdness & Mutations

You have a pair of horns on your head.
You reflexively headbutt those who attack you in melee.


Message History

The kobold brigand completely misses you.
The yak snorts and paws the ground.
You puncture the kobold brigand!
Your headbutt misses the kobold brigand.
The kobold brigand is moderately wounded.
You feel sick. You block the kobold brigand's attack.
You puncture the kobold brigand!
The kobold brigand is severely wounded.
You feel sick.
You puncture the kobold brigand!
Your headbutt misses the kobold brigand.
The kobold brigand is almost dead.
The kobold brigand barely misses you.
You hit the kobold brigand.
You kill the kobold brigand!
You feel sick.
The yak snorts and paws the ground.
Your Fighting skill increases to level 7!
Your Polearms skill gained 2 levels and is now at level 10!
Your Armour skill increases to level 7!
You have reached level 5!
You puncture the yak! You headbutt the yak.
The yak is moderately wounded.
You feel sick. The yak gores you!
* * * LOW HITPOINT WARNING * * *
You closely miss the yak.
The yak is moderately wounded.
You feel sick.
The vampire mosquito is distracted by your dazzling golden aura.
The yak gores you!
* * * LOW HITPOINT WARNING * * *
The vampire mosquito buzzes angrily.
You hit the yak but do no damage. You headbutt the yak!
The yak is severely wounded.
* * * LOW HITPOINT WARNING * * *
You feel sick.
You are no longer poisoned.
The yak gores you!
You die...
Your body crumbles into a pile of gold. ▓▓▓▓▓▓▓▓▓▓▓▓▓▓▓▓▓▓▓▓▓▓▓▓ +.YVoyY@..[[[.)?!'______ ▓▓▓▓▓▓▓▓▓▓▓▓▓▓▓▓▓▓▓▓▓▓▓▓

You could see 2 yaks, a vampire, a vampire mosquito and an orc priest.

Vanquished Creatures
  A kobold brigand (D)
  2 scorpions (D)
  An adder (D)
  An orc (D)
  A quokka (D)
  A bat (D)
  A frilled lizard (D)
  3 kobolds (D)
11 creatures vanquished.

Notes
Turn   | Place    | Note
-------+----------+-------------------------------------------
     0 | D        | Heoruswealwe the Minotaur Fighter began the quest for the
                  | Orb.
     0 | D        | Reached XP level 1. HP: 19/19 MP: 0/0
     6 | D        | Reached skill level 3 in Polearms
    20 | D        | Noticed a scorpion
    20 | D        | Noticed a scorpion
    25 | D        | Killed a scorpion
    26 | D        | Reached skill level 5 in Fighting
    26 | D        | Reached skill level 6 in Polearms
    26 | D        | Reached skill level 5 in Armour
    26 | D        | Reached XP level 2. HP: 30/30 MP: 1/1
    26 | D        | Reached XP level 3. HP: 37/37 MP: 2/2
    29 | D        | Reached skill level 7 in Polearms
    29 | D        | Reached XP level 4. HP: 44/44 MP: 3/3
    32 | D        | Killed a scorpion
    33 | D        | Reached skill level 8 in Polearms
    45 | D        | Found a snail-covered altar of Cheibriados.
    45 | D        | Found a shadowy altar of Dithmenos.
    45 | D        | Found a white marble altar of Elyvilon.
    45 | D        | Found a blossoming altar of Fedhas.
    45 | D        | Found an opulent altar of Gozag.
    46 | D        | Found a hazy altar of Hepliaklqana.
    47 | D        | Found a viscous altar of Jiyva.
    48 | D        | Found an ancient bone altar of Kikubaaqudgha.
    49 | D        | Found a corrupted altar of Lugonu.
    50 | D        | Found a burning altar of Makhleb.
    51 | D        | Found a sparkling altar of Nemelex Xobeh.
    52 | D        | Found an iron altar of Okawaru.
    53 | D        | Became a worshipper of Gozag Ym Sagoz the Greedy
    54 | D        | Found a stormy altar of Qazlal.
    55 | D        | Found a sacrificial altar of Ru.
    56 | D        | Found a shimmering blue altar of Sif Muna.
    57 | D        | Found a bloodstained altar of Trog.
    58 | D        | Found a hide-covered altar of Uskayaw.
    59 | D        | Found a radiant altar of Vehumet.
    60 | D        | Found an ornate altar of the Wu Jian Council.
    61 | D        | Found a shimmering altar of Xom.
    62 | D        | Found a basalt altar of Yredelemnul.
    63 | D        | Found a glowing silver altar of Zin.
    64 | D        | Found a glowing golden altar of the Shining One.
    89 | D        | Noticed a yak
    89 | D        | Noticed a vampire
    89 | D        | Noticed a vampire mosquito
    89 | D        | Noticed a yak
    89 | D        | Noticed a kobold brigand
    96 | D        | Killed a kobold brigand
    97 | D        | Reached skill level 10 in Polearms
    97 | D        | Reached XP level 5. HP: 24/53 MP: 4/4
    98 | D        | HP: 1/53 [yak (13)]
    99 | D        | Mangled by a yak

Illustrated notes

Levels and vault maps discovered:
D:        linesprint [early_d, line_temple, items_1, d_10, items_2, lair_1,
          lair_end, items_3, orc_1, orc_end, items_4, d_15, swamp_1, shoals_1,
          snake_1, spider_1, d_20, vaults_1, items_5, swamp_end, shoals_end,
          snake_end, spider_end, vaults_end, d_27, items_6, zot_1, zot_end,
          crypt_end, forest_end, elf_end, slime_end, tomb_end, abyss_end,
          pan_hell_end]

Skill      XL: |  1  2  3  4 |
---------------+-------------+-----
Polearms       | 6 7 10 | 10.0
Fighting       | 5 7 |  7.8
Armour         | 5 7 |  7.7
Shields        | |  3.6

Action                     |  1- 3 |  4- 6 || total
---------------------------+-------+-------++-------
  Melee: Trident           |    17 |    19 ||    36
         Headbutt          |     1 |     3 ||     4
    Use: Potion            |     1 |       ||     1
 Armour: Scale mail        |     9 |     9 ||    18
  Dodge: Dodged            |     9 |     7 ||    16
  Block: Buckler           |     1 |     1 ||     2
